 Dungeon Crawl Stone Soup version 0.31-a0-667-g39726597b9 (webtiles) character file.

Game seed: 18350965038164434267

30 jlumianski the Trooper (level 3, -4/29 HPs)
             Began as a Demonspawn Fighter on Sept 3, 2023.
             Slain by Grinder (6 damage)
             ... on level 3 of the Dungeon.
             The game lasted 00:02:03 (487 turns).

jlumianski the Trooper (Demonspawn Fighter)          Turns: 487, Time: 00:02:05

Health: -4/29      AC:  6    Str: 18    XL:     3   Next: 3%
Magic:  3/3        EV:  9    Int:  9    God:
Gold:   40         SH:  4    Dex: 12    Spells: 2/2 levels left

rFire   . . .        e - +11 whip of Heilom {heavy, rN+}
rCold   . . .        c - +0 buckler
rNeg    + . .        b - +0 scale mail
rPois   .            (no helmet)
rElec   .            (no cloak)
rCorr   .            (no gloves)
SInv    .            (no boots)
Will    .....        (no amulet) Stlth
                     (no ring)
HPRegen 0.24/turn    (no ring)
MPRegen 0.08/turn

%: no passive effects
@: mighty
A: claws 1
a: no special abilities


You were on level 3 of the Dungeon.
You visited 1 branch of the dungeon, and saw 3 of its levels.

You collected 40 gold pieces.

Inventory:

Hand Weapons
 a - a +0 war axe
 e - the +11 whip of Heilom (weapon) {heavy, rN+}
   (You found it on level 3 of the Dungeon)

   rN+:       It protects you from negative energy.
Missiles
 f - 2 poisoned darts
Armour
 b - a +0 scale mail (worn)
 c - a +0 buckler (worn)


   Skills:
 + Level 3.2 Fighting
 + Level 2.2 Axes
 + Level 3.0 Armour
 + Level 0.1 Dodging
 + Level 3.0 Shields


You had 2 spell levels left.
You didn't know any spells.
Your spell library was empty.

Dungeon Overview and Level Annotations

Branches:
Dungeon (3/15)

Altars:

Annotations:
D:2 Terence
D:3 Grinder


Innate Abilities, Weirdness & Mutations

You have sharp fingernails.


Message History

The kobold hits you with a +1 short sword of venom.
You are more poisoned.
You miss the kobold.
You feel very sick. You block the hobgoblin's attack.
The kobold barely misses you. The hobgoblin hits you.
The kobold barely misses you.
You whack the kobold!
You kill the kobold!
You feel very sick.
The hobgoblin hits you but does no damage.
You whack the hobgoblin!
You kill the hobgoblin!
You feel very sick. The hobgoblin barely misses you.
The hobgoblin hits you but does no damage.
Grinder hits you but does no damage.
Your Armour skill increases to level 3!
You have reached level 3!
Your experience leads to an increase in your attributes!
Increase (S)trength, (I)ntelligence, or (D)exterity?
You feel stronger. x2
You completely miss Grinder.
You feel sick. You block the hobgoblin's attack.
Grinder blinks!
The kobold hits you with a +0 short sword.
* * * LOW HITPOINT WARNING * * *
The kobold hits you with a +0 short sword.
* * * LOW HITPOINT WARNING * * *
The hobgoblin hits you but does no damage.
You thrash the kobold!!
You kill the kobold!
You feel sick. The hobgoblin hits you.
* * * LOW HITPOINT WARNING * * *
Grinder blinks!
You thrash Grinder!!
Grinder is severely wounded.
You feel sick.
You are no longer poisoned.
The hobgoblin barely misses you. Grinder hits you.
You die...
Grinder says, "Now the real fun starts!"

..... #.# .....###..
.........#######
.........#.....#
.........#.###.#
.........#.###.#
......g).....#.#
......5@.ยง.#.#.####
############......#
...........#
######<....#
#.......###
#.##....# #.##....#
#.##....# #.##....#


You could see Grinder and a hobgoblin.

Vanquished Creatures
  A ball python (D:1)
  A bat (D:1)
  2 endoplasms (D:1)
  2 giant cockroaches (D:1)
  3 goblins
  5 hobgoblins
  4 jackals (D:1)
  2 quokkas (D:1)
  A frilled lizard (D:1)
  2 kobolds (D:3)
23 creatures vanquished.

Notes
Turn   | Place    | Note
-------+----------+-------------------------------------------
     0 | D:1      | jlumianski the Demonspawn Fighter began the quest for the
                  | Orb.
     0 | D:1      | Reached XP level 1. HP: 18/18 MP: 1/1
    15 | D:2      | Noticed Terence
    45 | D:1      | Gained mutation: You have sharp fingernails. [demonic
                  | ancestry]
    45 | D:1      | Reached XP level 2. HP: 24/24 MP: 2/2
   448 | D:3      | Identified the +11 whip of Heilom {heavy, rN+}
   478 | D:3      | Noticed Grinder
   485 | D:3      | Reached XP level 3. HP: 9/29 MP: 3/3
   487 | D:3      | Slain by Grinder

Illustrated notes

Levels and vault maps discovered:
D:1:      tarquinn_simple_flora_water_e, layout_loops_corners,
          nicolae_ecumenical_snake_handling, due_unseen_surprise
D:2:      layout_loops_ring, uniq_crazy_yiuf_cottage, uniq_natasha, uniq_terence
D:3:      layout_basic, vehumet_altar_wand_db, gup_sewer_entry_glass,
          uniq_jessica, uniq_grinder

Skill      XL: |  1  2 |
---------------+-------+-----
Shields        | 3 |  3.0
Axes           | 2 |  2.2
Armour         | 3 |  3.0
Fighting       | |  3.2
Dodging        | |  0.1

Action                     || total
---------------------------++-------
  Melee: War axe           ||    72
         Whip              ||     9
    Use: Scroll            ||     1
         Potion            ||     1
 Armour: Scale mail        ||    65
  Dodge: Dodged            ||    40
  Block: Buckler           ||    23

Table legend: (Time is in decaauts)
 A = Elapsed time spent in this place.
 B = Non-inter-level travel time spent in this place.
 C = Inter-level travel time spent in this place.
 D = Time resting spent in this place.
 E = Time spent auto-exploring this place.
 F = Levels seen in this place.
 G = Mean time per level.
                   A        B        C        D        E       F      G
               +--------+--------+--------+--------+--------+-----+--------+
         Total |    522 |    522 |      0 |      0 |    209 |   3 |  174.0 |
       Dungeon |    522 |    522 |      0 |      0 |    209 |   3 |  174.0 |
               +--------+--------+--------+--------+--------+-----+--------+

Top non-repeatable levels by time:
     D:1: 450 daAuts
     D:3: 60 daAuts
     D:2: 11 daAuts
